 Dungeon Crawl Stone Soup version 0.32-a0-876-gcfddb08e57 (webtiles) character file.

Game seed: 9913010597526219644

12 pokeman the Magician (level 2, 0/16 HPs)
             Began as a Deep Elf Hedge Wizard on Mar 31, 2024.
             Frozen to death by an endoplasm (3 damage)
             ... on level 1 of the Dungeon.
             The game lasted 00:00:46 (599 turns).

pokeman the Magician (Deep Elf Hedge Wizard)         Turns: 599, Time: 00:00:46

Health: 0/16       AC:  2    Str:  7    XL:     2   Next: 20%
Magic:  0/9        EV: 11    Int: 18    God:
Gold:   32         SH:  0    Dex: 14    Spells: 9/10 levels left

rFire   . . .        a - +0 dagger
rCold   . . .        (no shield)
rNeg    . . .        b - +0 robe
rPois   .            c - +0 hat
rElec   .            (no cloak)
rCorr   .            (no gloves)
SInv    .            (no boots)
Will    .....        (no amulet)
Stlth   ++           j - ring of flight
HPRegen 0.22/turn    (no ring)
MPRegen 0.11/turn

%: no passive effects
@: flying, very slightly contaminated
A: no striking features
a: no special abilities


You were on level 1 of the Dungeon.
You visited 1 branch of the dungeon, and saw 1 of its levels.

You collected 32 gold pieces.

Inventory:

Hand Weapons
 a - a +0 dagger (weapon)
Armour
 b - a +0 robe (worn)
 c - a +0 hat (worn)
Magical Staves
 i - a staff of cold
Jewellery
 j - a ring of flight (left hand)
Scrolls
 f - a scroll of immolation {unknown}
Potions
 d - a potion of magic
 e - a potion of heal wounds {unknown}
 g - a potion of brilliance {unknown}
 h - a potion of enlightenment {unknown}


   Skills:
 + Level 0.4 Fighting
 + Level 0.4 Armour
 - Level 2.4 Dodging
 - Level 2.4 Stealth
 * Level 4.8 Spellcasting
 + Level 1.4 Conjurations
 - Level 1.1 Summonings
 - Level 1.1 Translocations


You had 9 spell levels left.
You knew the following spells:

 Your Spells              Type           Power      Damage    Failure   Level
a - Magic Dart            Conj           36%        1d4       8%          1

Your spell library contained the following spells:

 Spells                   Type           Power      Damage    Failure   Level
 Blink                    Tloc           16%        N/A       13%         2
 Call Imp                 Summ           16%        N/A       13%         2
 Slow                     Hex            16%        N/A       14%         1
 Cigotuvi's Dreadful Rot  Necr/Alch/Air  8%         N/A       21%         2
 Mephitic Cloud           Conj/Alch/Air  6%         N/A       32%         3


Dungeon Overview and Level Annotations

Branches:
Dungeon (1/15)

Altars:


Message History

Confirm with . or Enter, or press ? or * to list all spells.
Aiming: Magic Dart (safe; 8% risk of failure)
Press: ? - help, Shift-Dir - straight line, f/p - endoplasm
Aim: an endoplasm (almost dead, 100% to hit)
The magic dart hits the endoplasm but does no damage.
The endoplasm is almost dead.
The endoplasm freezes you.
You are frozen.
Casting: Magic Dart (safe; 8% risk of failure)
Confirm with . or Enter, or press ? or * to list all spells.
Aiming: Magic Dart (safe; 8% risk of failure)
Press: ? - help, Shift-Dir - straight line, f/p - endoplasm
Aim: an endoplasm (almost dead, 100% to hit)
You miscast Magic Dart.
You are very lightly contaminated with residual magic.
Nothing appears to happen.
The bat hits you. The endoplasm freezes you.
You are frozen.
Casting: Magic Dart (safe; 8% risk of failure)
Confirm with . or Enter, or press ? or * to list all spells.
Aiming: Magic Dart (safe; 8% risk of failure)
Press: ? - help, Shift-Dir - straight line, f/p - endoplasm
Aim: an endoplasm (almost dead, 100% to hit)
You miscast Magic Dart.
Nothing appears to happen.
The endoplasm jiggles.
The endoplasm freezes you.
You are frozen.
* * * LOW HITPOINT WARNING * * *
The bat barely misses you.
The endoplasm attacks as it pursues you!
The endoplasm closely misses you.
You hit the endoplasm but do no damage.
The endoplasm is almost dead.
The endoplasm hits you.
* * * LOW HITPOINT WARNING * * *
You hit the endoplasm but do no damage.
The endoplasm is almost dead.
The endoplasm freezes you.
You are frozen.
You die...

.####.#.###.### .#.
.........†..# # ..
.####.#.##### # ..
##+#.# # . ##....#######
#. ##............ ##.#
##.......##...#
#.#...####.........#.#..
#....bJ@.'.........+....
#.#...####.........##.#.
##.# ##.......###.## ..#
##.....## #.## ##.
##...## #.# # ##+## #.#
#.# #.# #.# #.# ##.##
#.#


You could see an endoplasm and a bat.

Vanquished Creatures
  2 bats (D:1)
  A giant cockroach (D:1)
  A goblin (D:1)
  A hobgoblin (D:1)
  2 quokkas (D:1)
  3 frilled lizards (D:1)
  2 kobolds (D:1)
12 creatures vanquished.

Notes
Turn   | Place    | Note
-------+----------+-------------------------------------------
     0 | D:1      | pokeman the Deep Elf Hedge Wizard began the quest for the
                  | Orb.
     0 | D:1      | Reached XP level 1. HP: 10/10 MP: 7/7
   362 | D:1      | Reached XP level 2. HP: 16/16 MP: 5/9
   599 | D:1      | Frozen to death by an endoplasm

Illustrated notes

Levels and vault maps discovered:
D:1:      dpeg_arrival_round_c, layout_loops_corners

Action                     || total
---------------------------++-------
  Melee: Dagger            ||     2
   Cast: Magic Dart        ||    37
 Armour: Robe              ||     5
  Dodge: Dodged            ||     6

Table legend: (Time is in decaauts)
 A = Elapsed time spent in this place.
 B = Non-inter-level travel time spent in this place.
 C = Inter-level travel time spent in this place.
 D = Time resting spent in this place.
 E = Time spent auto-exploring this place.
 F = Levels seen in this place.
 G = Mean time per level.
                   A        B        C        D        E       F      G
               +--------+--------+--------+--------+--------+-----+--------+
         Total |    598 |    598 |      0 |      0 |    533 |   1 |  598.0 |
       Dungeon |    598 |    598 |      0 |      0 |    533 |   1 |  598.0 |
               +--------+--------+--------+--------+--------+-----+--------+

Top non-repeatable levels by time:
     D:1: 598 daAuts
